AoeStats
← Pillage The Village

Arabia

504277936Analyzed
1v1 RM · 27d ago on Sep 4, 2026· 46m 53s· 2 players
Game mode
Random Map
Map size
Tiny (2 player)
Population
200
Speed
Normal
Resources
Standard
Victory
Conquest
Starting age
Dark Age
Ending age
Imperial Age
RankedLock teamsTeams togetherTeam positionsShared explorationLock speedFull tech treeHidden civsTurbo modeCheats
Victory
Defeat
🇧🇪 Mongols · Belgium
1475
+14
🇨🇴 Ethiopians · Colombia
1438
-14
AG ALEXKNG1
9:47 Loom
11:38 Feudal Age
12:33 Double-Bit Axe
24:11 Castle Age
22:08 Fletching
22:36 Gold Mining
22:27 Horse Collar
23:01 Town Watch
23:30 Scale Barding Armor
24:29 Forging
24:59 Husbandry
25:21 Chain Barding Armor
37:18 Wheelbarrow
38:01 Stone Mining
38:46 Gold Shaft Mining
38:57 Heavy Plow
39:52 Scale Mail Armor
39:49 Bodkin Arrow
44:56 Imperial Age
45:15 Scale Mail Armor
45:50 Iron Casting
45:29 Capped Ram
Pillage The Village
6:16 Loom
8:48 Feudal Age
11:21 Double-Bit Axe
17:13 Fletching
21:50 Castle Age
20:29 Padded Archer Armor
20:43 Horse Collar
21:55 Crossbowman
22:34 Bodkin Arrow
23:57 Gold Mining
25:09 Ballistics
30:32 Bow Saw
30:55 Heavy Plow
40:29 Imperial Age
38:35 Wheelbarrow
38:40 Stone Mining
40:16 Leather Archer Armor
42:26 Bracer
43:32 Chemistry
43:08 Gold Shaft Mining
43:26 Parthian Tactics
43:06 Thumb Ring
42:30 Arbalester
44:35 Hand Cart
44:06 Town Watch
45:53 Conscription
45:08 Elite Mangudai
46:13 Siege Engineers
Connection lost

Rejoining the realm…

Still unreachable

The connection could not be restored.

Session expired

The server has moved on; the page needs a fresh start.